 Dungeon Crawl Stone Soup version 0.20.0-15-g7f486f2 (webtiles) character file.

43373 kuniqs the Fighter (level 13, 109/109 HPs)
             Began as a Minotaur Fighter on June 9, 2017.
             Was the Champion of Hepliaklqana.
             Quit the game on level 6 of the Lair of Beasts.
             The game lasted 00:15:46 (12296 turns).

kuniqs the Fighter (Minotaur Fighter)              Turns: 12296, Time: 00:15:47

Health: 109/109    AC: 12    Str: 23    XL:     13   Next: 90%
Magic:  12/12      EV: 14    Int:  1    God:    Hepliaklqana [******]
Gold:   1272       SH: 19    Dex: 13    Spells: 12/12 levels left

rFire    + + .     SeeInvis .   b - +10 flail "Giantslayer" {venom, -Tele +Rage rElec rPois rF+}
rCold    + + .     Gourm    .   i - +0 large shield
rNeg     . . .     Faith    .   P - +1 scale mail of Watchfulness {Int-4 Slay+6 Stlth+}
rPois    +         Spirit   .   (helmet restricted)
rElec    +         Reflect  .   o - scarf {rC+ rF+}
rCorr    .         Harm     .   q - +0 pair of gloves
MR       .....     NoTele   +   (no boots)
Stlth    +.........             s - amulet of regeneration
Regen    0.7/turn               j - ring of protection from cold
MPRegen  0.2/turn               z - ring of Mistrust {+Fly rElec}

@: no status effects
A: retaliatory headbutt, reduced essence, horns 2
a: Recall Ancestor, Ancestor Identity, Transference, Idealise, Renounce
Religion, Evoke Berserk Rage, Evoke Flight


You were on level 6 of the Lair of Beasts.
You worshipped Hepliaklqana.
Hepliaklqana was exalted by your worship.
You were not hungry.

You visited 3 branches of the dungeon, and saw 17 of its levels.
You also visited: Ice Cave.

You collected 1272 gold pieces.

Inventory:

Hand Weapons
 b - the +10 flail "Giantslayer" (weapon) {venom, -Tele +Rage rElec rPois rF+}
   (You found it on level 7 of the Dungeon)

   It poisons the flesh of those it strikes.
   It protects you from fire.
   It insulates you from electricity.
   It protects you from poison.
   It lets you go berserk.
   It prevents most forms of teleportation.
Armour
 i - a +0 large shield (worn)
 o - a scarf of resistance (worn)
 q - a +0 pair of gloves (worn)
 B - a +0 plate armour
 P - the +1 scale mail of Watchfulness (worn) {Int-4 Slay+6 Stlth+}
   (You found it on level 6 of the Lair of Beasts)

   It affects your intelligence (-4).
   It affects your accuracy and damage with ranged weapons and melee attacks
   (+6).
   It makes you more stealthy.
Jewellery
 a - an uncursed ring of positive energy {unknown}
 c - a cursed amulet of inaccuracy {unknown}
 g - an uncursed amulet of rage
 j - a ring of protection from cold (left hand)
 s - an amulet of regeneration (around neck)
 z - the ring of Mistrust (right hand) {+Fly rElec}
   (You found it on level 6 of the Dungeon)

   [ring of flight]

   It insulates you from electricity.
   It lets you fly.
 A - an uncursed ring of magical power {unknown}
 E - a +4 ring of strength
 K - a +4 ring of dexterity {unknown}
 N - a +2 ring of evasion {unknown}
 O - an uncursed amulet of faith {unknown}
 U - a +4 ring of intelligence {unknown}
Wands
 n - a wand of iceblast (5/15)
 D - a wand of iceblast (5/15)
Scrolls
 m - 3 scrolls of blinking {unknown}
 r - 3 scrolls of recharging {unknown}
 t - 6 scrolls of teleportation {unknown}
 u - a scroll of torment {unknown}
 w - 2 scrolls of enchant weapon {unknown}
 x - 2 scrolls of magic mapping {unknown}
 y - 4 scrolls of remove curse {unknown}
 G - 8 scrolls of identify {@r1}
 H - a scroll of random uselessness {unknown}
 I - 2 scrolls of amnesia {unknown}
 M - 2 scrolls of fog {unknown}
 R - a scroll of noise {unknown}
 T - a scroll of fear {unknown}
 V - a scroll of summoning {unknown}
Potions
 h - 17 potions of curing {unknown}
 k - 7 potions of heal wounds {unknown}
 l - 2 potions of lignification {unknown}
 p - 4 potions of mutation {unknown}
 v - 2 potions of might
 J - 2 potions of haste {unknown}
 L - a potion of cancellation {unknown}
 Q - 3 potions of flight {unknown}
 S - a potion of degeneration {unknown}
 W - a potion of resistance {unknown}
Miscellaneous
 C - a sack of spiders
Comestibles
 d - 16 bread rations
 e - 3 meat rations
 f - 16 fruits
 F - 18 royal jellies


   Skills:
 + Level 13.3 Fighting
 + Level 13.0 Maces & Flails
 + Level 13.3 Armour
 + Level 11.7 Dodging
 + Level 13.1 Shields


You had 12 spell levels left.
You didn't know any spells.

Dungeon Overview and Level Annotations

Branches:
Dungeon (10/15)            Temple (1/1) D:4            Lair (6/6) D:9
  Swamp (0/4) Lair:2       Spider (0/4) Lair:3        Slime (0/5) Lair:6
    Orc (0/2) D:10

Altars:
Ashenzari
Hepliaklqana
Okawaru
Ru
Sif Muna
Trog
Uskayaw
Yredelemnul
The Shining One
Jiyva

Shops:
D:9 }?([   D:10 [


Innate Abilities, Weirdness & Mutations

You reflexively headbutt those who attack you in melee.
You have a pair of horns on your head.
Your life essence is reduced. (-10% HP)


Message History

No target in view!
Found a dagger.
Found a viscous altar of Jiyva.
Found a staircase to the Slime Pits.
No target in view!
No target in view!
A black mamba comes into view.
The black mamba hisses angrily.
A black mamba is nearby!
You block the black mamba's attack. The black mamba misses you.
You furiously retaliate!
You headbutt the black mamba! You sock the black mamba!
The black mamba is severely wounded.
The black mamba closely misses you.
You sock the black mamba!
You kill the black mamba!
No target in view!
No target in view!
Found 3 scrolls of identify and a scroll labeled VAETEL HIFU.
Found a leather armour.
Are you sure you want to abandon this character and quit the game? (Confirm with "yes".)

## ###
#####P####.#
...........#
..?....@R..#
..........##
..........##
..?........#
[.........##
...........#
............##
...........#.##
..............#


You could see the friendly Hrothgar the battlemage.

Vanquished Creatures
  The ghost of HUIXAX the Spry, a journeyman MfGl of Makhleb (Lair:5)
  Snorg (Lair:3)
  Fannar (Lair:3)
  2 hydras
  A two-headed ogre (D:10)
  Nergalle (D:10)
  21 elephants
  2 black mambas
  2 ice statues (IceCv)
  Joseph (D:10)
  5 spiny frogs
  A rime drake (IceCv)
  5 komodo dragons
  A jumping spider (Lair:3)
  A queen bee (D:9)
  A tyrant leech (Lair:2)
  12 blink frogs
  5 hippogriffs
  15 yaks
  A spriggan (D:7)
  4 basilisks
  A wyvern (Lair:1)
  Menkaure (D:7)
  8 water moccasins
  4 porcupines
  2 sky beasts
  2 orc warriors
  11 ice beasts
  4 ogres
  4 centaurs
  9 crocodiles
  A big kobold (D:10)
  12 bullfrogs
  3 gnoll sergeants (D:9)
  4 scorpions
  A water moccasin skeleton (D:6)
  26 killer bees
  2 wights (D:9)
  3 howler monkeys
  3 electric eels (D:7)
  2 crimson imps
  A quasit (D:10)
  6 hounds
  A bullfrog zombie (D:4)
  A jelly (D:9)
  11 orc wizards
  Crazy Yiuf (D:2)
  A centaur skeleton (D:10)
  3 gnoll shamans (D:9)
  2 iguanas
  2 worker ants
  A killer bee zombie (D:7)
  2 worker ant zombies
  16 gnolls
  8 adders
  A shadow imp (D:3)
  9 white imps (Lair:2)
  2 oozes (D:2)
  An adder skeleton (D:7)
  2 worms (D:2)
  A dart slug (D:1)
  A leopard gecko (D:1)
  28 orcs
  10 bats
  6 giant cockroaches
  2 gnoll zombies (D:9)
  13 goblins
  5 hobgoblins
  9 jackals
  4 quokkas
  5 frilled lizards
  19 kobolds
  A quokka zombie (D:5)
  7 rats
  A fungus (Lair:3)
370 creatures vanquished.

Vanquished Creatures (collateral kills)
  2 ice dragons (IceCv)
  2 two-headed ogres
  6 elephants
  2 spiny frogs (Lair:3)
  3 komodo dragons
  A rime drake (IceCv)
  A troll (D:10)
  A tyrant leech (Lair:2)
  6 blink frogs
  2 hippogriffs (Lair:6)
  A basilisk (Lair:6)
  6 yaks
  The ghost of Aalglatt the Distorting Demonspawn, an amateur DsAK of Lugonu (D:7)
  4 water moccasins
  A porcupine (Lair:5)
  4 ice beasts (IceCv)
  An eye of draining (D:10)
  A black bear (D:10)
  An ogre (D:10)
  4 crocodiles
  2 bullfrogs (Lair:1)
  2 big kobolds
  Blork the orc (D:5)
  2 scorpions (D:7)
  6 killer bees
  A wight (D:9)
  A quasit (D:10)
  A centaur zombie (D:7)
  3 hounds (D:9)
  An orc priest (D:6)
  A bullfrog skeleton (D:10)
  2 worker ants
  2 gnolls (D:9)
  An adder (D:5)
  2 shadow imps
  3 white imps (Lair:2)
  5 orcs
  A giant cockroach (D:7)
  A jackal (D:9)
  8 kobolds
96 creatures vanquished.

Vanquished Creatures (others)
  6 battlemagi
  An ancestor (D:6)
  An orc (D:7)
  2 plants
10 creatures vanquished.

Grand Total: 476 creatures vanquished

Notes
Turn   | Place    | Note
-------+----------+-------------------------------------------
     0 | D:1      | kuniqs the Minotaur Fighter began the quest for the Orb.
     0 | D:1      | Reached XP level 1. HP: 19/19 MP: 0/0
   161 | D:1      | Reached XP level 2. HP: 27/27 MP: 1/1
   371 | D:1      | Reached skill level 1 in Dodging
   371 | D:1      | Reached XP level 3. HP: 32/33 MP: 2/2
  1067 | D:2      | Reached XP level 4. HP: 35/41 MP: 3/3
  1349 | D:2      | Found a runed door.
  1650 | D:2      | Noticed Crazy Yiuf
  1652 | D:2      | Killed Crazy Yiuf
  1739 | D:3      | Reached XP level 5. HP: 46/47 MP: 4/4
  1946 | D:3      | Reached skill level 5 in Fighting
  2672 | D:4      | Found an iron altar of Okawaru.
  2734 | D:4      | Reached XP level 6. HP: 46/56 MP: 5/5
  3184 | D:4      | Found a staircase to the Ecumenical Temple.
  3370 | Temple   | Entered the Ecumenical Temple
  3379 | Temple   | Became a worshipper of Hepliaklqana the Forgotten
  3443 | D:5      | Entered Level 5 of the Dungeon
  3447 | D:5      | Reached skill level 5 in Shields
  3549 | D:5      | Noticed Blork the orc
  3568 | D:5      | Killed Blork the orc
  3568 | D:5      | Reached skill level 5 in Armour
  3877 | D:5      | Reached XP level 7. HP: 55/55 MP: 6/6
  4352 | D:6      | Reached * piety under Hepliaklqana
  4640 | D:6      | Reached skill level 5 in Maces & Flails
  4661 | D:6      | Found a bloodstained altar of Trog.
  4661 | D:6      | Found a glowing golden altar of the Shining One.
  4661 | D:6      | Found a shattered altar of Ashenzari.
  4778 | D:6      | Got a bound brass ring
  4789 | D:6      | Identified the ring of Mistrust {+Fly rElec} (You found it on level 6 of the Dungeon)
  4866 | D:7      | Reached XP level 8. HP: 61/63 MP: 7/7
  4942 | D:7      | Noticed Menkaure
  4954 | D:7      | Killed Menkaure
  5020 | D:7      | Reached skill level 5 in Dodging
  5023 | D:7      | Got a crystal flail
  5024 | D:7      | Identified the +10 flail "Giantslayer" {venom, -Tele +Rage rElec rPois rF+} (You found it on level 7 of the Dungeon)
  5294 | D:7      | Reached XP level 9. HP: 62/71 MP: 8/8
  5399 | D:7      | Found a sacrificial altar of Ru.
  5409 | D:7      | Reached ** piety under Hepliaklqana
  5410 | D:7      | Remembered your ancestor Hrothgar as a battlemage
  5532 | D:7      | Noticed Aalglatt's ghost (amateur DsAK)
  5539 | D:7      | Killed Aalglatt's ghost
  5766 | D:8      | Noticed a two-headed ogre
  5775 | D:8      | Killed a two-headed ogre
  6182 | D:9      | Found Gushrior's Weapon Boutique.
  6205 | D:9      | Found Tijexown's Magic Scroll Emporium.
  6252 | D:9      | Found a staircase to the Lair.
  6259 | D:9      | Noticed a komodo dragon
  6277 | D:9      | Killed a komodo dragon
  6277 | D:9      | Reached XP level 10. HP: 77/81 MP: 9/9
  6386 | D:9      | Found Mekkesak's Jewellery Emporium.
  6520 | D:9      | Found Eryrr's Armour Shoppe.
  6861 | D:9      | Found Vaddagru's Gadget Shoppe.
  6927 | D:9      | Found a basalt altar of Yredelemnul.
  6987 | D:10     | Entered Level 10 of the Dungeon
  7015 | D:10     | Noticed a two-headed ogre
  7020 | D:10     | Killed a two-headed ogre
  7084 | D:10     | Found Meuvoubi's Antique Armour Boutique.
  7165 | D:10     | Noticed Joseph
  7168 | D:10     | Reached *** piety under Hepliaklqana
  7173 | D:10     | Killed Joseph
  7199 | D:10     | Reached XP level 11. HP: 89/89 MP: 10/10
  7208 | D:10     | Reached skill level 10 in Fighting
  7229 | D:10     | Found a staircase to the Orcish Mines.
  7288 | D:10     | Noticed Nergalle
  7299 | D:10     | Killed Nergalle
  7299 | D:10     | Reached skill level 10 in Shields
  7326 | D:10     | Noticed a two-headed ogre
  7331 | D:10     | Killed a two-headed ogre
  7331 | D:10     | Reached skill level 10 in Armour
  7687 | Lair:1   | Entered Level 1 of the Lair of Beasts
  7794 | Lair:1   | Reached skill level 10 in Maces & Flails
  8249 | Lair:1   | Reached **** piety under Hepliaklqana
  8623 | Lair:2   | Found a frozen archway.
  8639 | IceCv    | Entered an ice cave
  8669 | IceCv    | Reached XP level 12. HP: 99/99 MP: 11/11
  8859 | IceCv    | Noticed an ice dragon
  8860 | IceCv    | Noticed an ice dragon
  8869 | IceCv    | Killed an ice dragon
  8877 | IceCv    | Killed an ice dragon
  9026 | IceCv    | Reached skill level 10 in Dodging
  9419 | Lair:2   | Found a staircase to the Swamp.
  9962 | Lair:3   | Noticed Fannar
  9971 | Lair:3   | Killed Fannar
 10044 | Lair:3   | Noticed an eight-headed hydra
 10053 | Lair:3   | Killed an eight-headed hydra
 10067 | Lair:3   | Reached XP level 13. HP: 95/106 MP: 12/12
 10164 | Lair:3   | Reached ***** piety under Hepliaklqana
 10200 | Lair:3   | Found a hole to the Spider Nest.
 10684 | Lair:3   | Noticed Snorg
 10693 | Lair:3   | Killed Snorg
 11299 | Lair:5   | Noticed HUIXAX's ghost (journeyman MfGl)
 11324 | Lair:5   | Killed HUIXAX's ghost
 11999 | Lair:6   | Entered Level 6 of the Lair of Beasts
 12216 | Lair:6   | Identified the +1 scale mail of Watchfulness {Int-4 Slay+6 Stlth+} (You found it on level 6 of the Lair of Beasts)
 12262 | Lair:6   | Found a viscous altar of Jiyva.
 12263 | Lair:6   | Found a staircase to the Slime Pits.
 12270 | Lair:6   | Reached ****** piety under Hepliaklqana
 12296 | Lair:6   | Quit the game

Skill      XL: |  1  2  3  4  5  6  7  8  9 10 11 12 13 |
---------------+----------------------------------------+-----
Fighting       | 4 5 6 7 8 9 11 12 13 | 13.3
Shields        | 4 5 6 7 8 9 11 12 13 | 13.1
Dodging        | 1 2 3 4 5 7 8 9 10 11 | 11.7
Maces & Flails | 3 4 5 6 8 9 10 12 13 | 13.0
Armour         | 4 5 7 8 9 11 12 13 | 13.3

Action                   |  1- 3 |  4- 6 |  7- 9 | 10-12 | 13-15 || total
-------------------------+-------+-------+-------+-------+-------++-------
Melee: Flail             |    83 |   148 |   203 |   482 |   246 ||  1162
       Headbutt          |    12 |    21 |    37 |   110 |    62 ||   242
Invok: Ancestor Life: Ba |       |       |     1 |       |       ||     1
 Abil: Evoke Berserk Rag |       |       |       |     2 |       ||     2
Evoke: Wand              |       |     2 |       |       |       ||     2
  Use: Scroll            |       |     3 |     2 |       |     1 ||     6
 Stab: Distracted        |       |       |     3 |    10 |     2 ||    15
  Eat: Chunk             |     1 |     9 |     8 |     8 |     6 ||    32
       Meat ration       |       |       |       |     1 |     1 ||     2
Armor: Scale mail        |    38 |    53 |    32 |       |       ||   123
       Plate armour      |       |       |    46 |   223 |    92 ||   361
Dodge: Dodged            |    28 |    51 |    55 |   146 |    59 ||   339
Block: Shield            |    39 |    77 |    64 |       |       ||   180
       Large shield      |       |       |    41 |   519 |   201 ||   761
